 Dungeon Crawl Stone Soup version 0.32-a0-422-g28b100f618 (webtiles) character file.

Game seed: 14832009216666163752

129 Aldia the Charlatan (level 4, -1/23 HPs)
             Began as a Felid Artificer on Feb 21, 2024.
             Slain by a gnoll
             ... wielding a +0 halberd
              (16 damage)
             ... on level 2 of the Dungeon.
             The game lasted 00:03:41 (1270 turns).

Aldia the Charlatan (Felid Artificer)               Turns: 1270, Time: 00:03:42

Health: -1/23      AC:  1    Str:  8    XL:     4   Next: 88%
Magic:  5/5        EV: 19    Int: 16    God:
Gold:   67         SH:  0    Dex: 17    Spells: 3/3 levels left
                                        Lives:  0   Deaths: 2

rFire   . . .        (weapon unavailable)
rCold   . . .        (shield unavailable)
rNeg    . . .        (body armour unavailable)
rPois   .            (helmet unavailable)
rElec   .            (cloak unavailable)
rCorr   .            (gloves unavailable)
SInv    +            (boots unavailable)
Will    .....        (no amulet)
Stlth   ++           (no ring)
HPRegen 0.23/turn    (no ring)
MPRegen 0.09/turn

%: no passive effects
@: no status effects
A: very small, claws 1, fangs 3, see invisible, shaggy fur 1, stealthy paws, no
weapons or thrown items, no armour, multi-lived
a: no special abilities


You were on level 2 of the Dungeon.
You visited 1 branch of the dungeon, and saw 2 of its levels.

You collected 67 gold pieces.

Inventory:

Wands
 b - a wand of charming (10)
 c - a wand of iceblast (2)
Scrolls
 f - a scroll of poison {unknown}
 g - a scroll of teleportation {unknown}
 h - 2 scrolls of identify {unknown}
Potions
 a - a potion of brilliance {unknown}
 d - a potion of mutation {unknown}
 e - a potion of curing {unknown}
 i - a potion of lignification {unknown}


   Skills:
 + Level 2.2 Fighting
 + Level 4.3 Dodging
 + Level 3.1 Stealth
 * Level 4.6 Evocations


You had 3 spell levels left.
You didn't know any spells.
Your spell library was empty.

Dungeon Overview and Level Annotations

Branches:
Dungeon (2/15)

Altars:

Annotations:
D:2 Natasha


Innate Abilities, Weirdness & Mutations

You have sharp claws.
You have razor-sharp teeth.
You have supernaturally acute eyesight. (SInv)
You are covered in fur. (AC +1)
Your paws help you pounce on unaware monsters.
You are incapable of wielding weapons or throwing items.
You cannot wear armour.
You gain extra lives every three experience levels.


Message History

The bat misses you.
You scratch the hobgoblin.
The hobgoblin is moderately wounded.
The bat hits you but does no damage. The hobgoblin closely misses you.
Natasha casts a spell.
You scratch the hobgoblin but do no damage.
You claw the hobgoblin.
The hobgoblin is heavily wounded.
The bat closely misses you. The hobgoblin hits you.
* * * LOW HITPOINT WARNING * * *
Natasha mumbles some strange words.
You barely miss the hobgoblin.
The hobgoblin is heavily wounded.
The bat misses you. The bat barely misses you.
The hobgoblin completely misses you.
You scratch the hobgoblin but do no damage.
You bite the hobgoblin.
The hobgoblin is almost dead.
The bat hits you but does no damage. The hobgoblin misses you.
You scratch the hobgoblin.
You kill the hobgoblin!
The cerulean imp misses you.
Natasha mumbles some strange words.
The bat closely misses you.
You scratch the bat.
You kill the bat!
The cerulean imp hits you from afar with a +0 spear.
You die...
Natasha barely misses you.
The cerulean imp hits you with a +1 spear.
You rejoin the land of the living...
Found a whip.
A gnoll is nearby!
The gnoll closely misses you.
You barely miss the gnoll. The gnoll hits you with a +0 halberd!
You closely miss the gnoll. The gnoll completely misses you.
You scratch the gnoll but do no damage. The gnoll closely misses you.
You completely miss the gnoll. The gnoll hits you with a +0 halberd!
Ouch! That really hurt!
You die...

....S. #.# ####
...... .# #.# #.
...### .# #.# #.
#..## .# #.# #. ...##
# .# #.# #. #.....
..######.# #)# #.
.#.... ........ #.#
#. ##.# # #..#g#
#.#####. .#.#
#...@#########.......
.5†#
#....................
.#†#
#....################
##h# #.##.# #5######.
#. #.. #5g...... .
##. #.#...... # .#
#.#.##### .# #)# # ..


You could see a gnoll.

Vanquished Creatures
  Terence (D:2)
  An adder (D:2)
  2 ball pythons (D:1)
  7 endoplasms
  3 giant cockroaches (D:1)
  A goblin (D:1)
  6 hobgoblins
  2 jackals (D:1)
  4 kobolds
  2 quokkas (D:1)
  2 bats
  3 frilled lizards (D:1)
  3 rats (D:1)
37 creatures vanquished.

Vanquished Creatures (collateral kills)
  A gnoll (D:2)
  A dart slug (D:2)
  A bat (D:2)
  A hobgoblin (D:2)
  A kobold (D:2)
  A rat (D:2)
6 creatures vanquished.

Vanquished Creatures (others)
  A gnoll (D:2)
  2 adders (D:2)
3 creatures vanquished.

Grand Total: 46 creatures vanquished

Notes
Turn   | Place    | Note
-------+----------+-------------------------------------------
     0 | D:1      | Aldia the Felid Artificer began the quest for the Orb.
     0 | D:1      | Reached XP level 1. HP: 10/10 MP: 2/2
   108 | D:1      | Reached XP level 2. HP: 14/14 MP: 3/3
   233 | D:1      | Reached XP level 3. HP: 18/18 MP: 4/4
   722 | D:2      | Slain by an adder
   722 | D:2      | Lost a life (0 lives remaining)
   901 | D:2      | Reached XP level 4. HP: 10/23 MP: 5/5
   901 | D:2      | Gained a life (1 life remaining)
  1098 | D:2      | Noticed Terence
  1101 | D:2      | Killed Terence
  1211 | D:2      | Noticed Natasha
  1233 | D:2      | HP: 1/23 [hobgoblin (3)]
  1237 | D:2      | Slain by a cerulean imp
  1237 | D:2      | Lost a life (0 lives remaining)
  1270 | D:2      | Slain by a gnoll

Illustrated notes

Levels and vault maps discovered:
D:1:      sevenhm_arrival_forest_fort_small_6, layout_basic
D:2:      layout_loops_ring, uniq_terence, uniq_jessica, uniq_natasha

Skill      XL: |  1  2  3  4 |
---------------+-------------+-----
Stealth        | 2 3 |  3.1
Evocations     | 4 |  4.6
Dodging        | 4 |  4.3
Fighting       | 2 |  2.2

Action                     |  1- 3 |  4- 6 || total
---------------------------+-------+-------++-------
  Melee: Unarmed           |   113 |    30 ||   143
         Bite              |     8 |     4 ||    12
         Punch             |     1 |     1 ||     2
  Evoke: Wand              |    16 |     7 ||    23
   Stab: Sleeping          |     4 |     1 ||     5
         Distracted        |       |     1 ||     1
 Armour: Skin              |    38 |    22 ||    60
  Dodge: Dodged            |    97 |    47 ||   144

Table legend: (Time is in decaauts)
 A = Elapsed time spent in this place.
 B = Non-inter-level travel time spent in this place.
 C = Inter-level travel time spent in this place.
 D = Time resting spent in this place.
 E = Time spent auto-exploring this place.
 F = Levels seen in this place.
 G = Mean time per level.
                   A        B        C        D        E       F      G
               +--------+--------+--------+--------+--------+-----+--------+
         Total |   1269 |   1245 |     24 |      0 |    903 |   2 |  634.5 |
       Dungeon |   1269 |   1245 |     24 |      0 |    903 |   2 |  634.5 |
               +--------+--------+--------+--------+--------+-----+--------+

Top non-repeatable levels by time:
     D:1: 704 daAuts
     D:2: 565 daAuts
